 Dungeon Crawl Stone Soup version 0.26.0-5-gb5863c6483 (webtiles) character file.

Game seed: 3582923690342598651

544 Acheron the Sneak (level 7, -5/51 HPs)
             Began as a Merfolk Wanderer on Jan 10, 2021.
             Slain by an ogre
             ... wielding a +0 giant club
              (7 damage)
             ... on level 6 of the Dungeon.
             The game lasted 00:30:28 (5270 turns).

Acheron the Sneak (Merfolk Wanderer)                Turns: 5270, Time: 00:30:29

Health: -5/51      AC:  9    Str: 20    XL:     7   Next: 27%
Magic:  9/9        EV: 12    Int: 10    God:
Gold:   134        SH:  5    Dex: 15    Spells: 8/9 levels left

rFire    . . .     SeeInvis .   a - +2 dagger
rCold    . . .     Faith    .   n - +1 buckler
rNeg     . . .     Spirit   .   p - +3 ring mail
rPois    .         Reflect  .   i - +0 helmet
rElec    .         Harm     .   (no cloak)
rCorr    .         Rampage  .   (no gloves)
Will     .....                  (no boots)
Stlth    ++........             (no amulet)
HPRegen  0.17/turn              g - +6 ring of strength
MPRegen  0.11/turn              (no ring)

@: no status effects
A: change form in water, swift swim, stealthy swim
a: no special abilities


You were on level 6 of the Dungeon.
You visited 1 branch of the dungeon, and saw 6 of its levels.

You collected 134 gold pieces.

Inventory:

Hand Weapons
 a - a +2 dagger (weapon)
 d - a +0 falchion
 m - a +0 trident
Missiles
 j - 180 stones
 l - 12 poisoned darts (quivered)
Armour
 i - a +0 helmet (worn)
 n - a +1 buckler (worn)
 p - a +3 ring mail (worn)
Magical Staves
 f - an uncursed staff of earth {unknown}
Jewellery
 c - an uncursed ring of stealth {unknown}
 g - a +6 ring of strength (left hand)
 o - a +6 ring of strength
 r - an uncursed ring of magical power {unknown}
Potions
 b - a potion of heal wounds
 e - a potion of lignification
 h - a potion of curing {unknown}
 k - 3 potions of flight


   Skills:
 * Level 2.3 Fighting
 * Level 2.8(3.0) Short Blades
 + Level 1.1(2.0) Long Blades
 * Level 2.0 Throwing
 * Level 1.9 Armour
 * Level 3.1 Dodging
 * Level 4.5 Stealth
 * Level 1.3 Shields
 * Level 1.7 Spellcasting
 * Level 1.1 Conjurations
 + Level 1.6 Translocations
 * Level 0.6 Fire Magic
 * Level 2.6 Ice Magic
 * Level 0.3 Evocations


You had 8 spell levels left.
You knew the following spells:

 Your Spells              Type           Power        Failure   Level
a - Foxfire               Conj/Fire      8%           47%         1

Your spell library contained the following spells:

 Spells                   Type           Power        Failure   Level
 Inner Flame              Hex/Fire       1%           90%         3


Dungeon Overview and Level Annotations

Branches:
Dungeon (6/15)
 Temple: D:4-7

Altars:
Elyvilon
Hepliaklqana
Uskayaw
Zin

Annotations:
D:2 exclusion: 2 downstairs
D:3 Sigmund
D:4 1 runed translucent door, exclusion: downstairs
D:5 Eustachio


Message History

The ogre hits you with a +0 giant club!
You hit the ogre.
The ogre is heavily wounded.
The ogre hits you with a +0 giant club!!
* * * LOW HITPOINT WARNING * * *
You barely miss the ogre.
The ogre is heavily wounded.
You barely miss the ogre.
The ogre is heavily wounded.
You block the ogre's attack.
There is an open door here.
You hit the ogre.
The ogre is severely wounded.
The ogre closely misses you.
You hit the ogre.
The ogre is severely wounded.
You hit the ogre but do no damage.
The ogre is severely wounded.
The ogre hits you with a +0 giant club!
You die...

#.#.# #.#.#
#.#.###########..
##.#>#............
#......###[#.#...
#......#..........
#......#.#.###..!h
#.......<.>.......
.#####+#@#.#########
......ZO.#...#
######.#####.#
#.#.....#
#.#...........o
..############# ..
... ...


You could see an ogre and a quokka skeleton.

Vanquished Creatures
  3 ogres
  A scorpion (D:4)
  A howler monkey (D:4)
  A centaur skeleton (D:4)
  A hound (D:4)
  A bullfrog skeleton (D:3)
  4 adders
  An ooze (D:3)
  An adder skeleton (D:4)
  2 worms
  2 dart slugs (D:1)
  2 leopard geckos (D:3)
  4 orcs
  3 giant cockroaches
  4 goblins
  5 hobgoblins
  2 jackals (D:3)
  5 quokkas
  A ball python (D:2)
  8 bats
  2 frilled lizards
  2 kobolds
  A leopard gecko skeleton (D:4)
  2 rats
59 creatures vanquished.

Vanquished Creatures (others)
  2 foxfires (D:2)
  A plant (D:1)
3 creatures vanquished.

Grand Total: 62 creatures vanquished

Notes
Turn   | Place    | Note
-------+----------+-------------------------------------------
     0 | D:1      | Acheron the Merfolk Wanderer began the quest for the Orb.
     0 | D:1      | Acheron set off with the following items: a +2 dagger, a
                  | potion of heal wounds, a +0 falchion, a +0 robe; and the
                  | following spell memorised: Foxfire; and the following
                  | spells available to memorise: Inner Flame
     0 | D:1      | Reached XP level 1. HP: 15/15 MP: 2/2
   256 | D:1      | Reached XP level 2. HP: 19/21 MP: 3/3
   313 | D:1      | You fall into a shaft and drop 1 floor!
   590 | D:1      | Reached skill level 1 in Short Blades
   640 | D:1      | Reached skill level 4 in Stealth
   847 | D:1      | Reached XP level 3. HP: 26/26 MP: 4/4
  1803 | D:2      | Found a hazy altar of Hepliaklqana.
  1806 | D:2      | Found a hide-covered altar of Uskayaw.
  1809 | D:2      | Found a glowing silver altar of Zin.
  1971 | D:3      | Reached XP level 4. HP: 11/33 MP: 5/5
  2435 | D:3      | Noticed Sigmund
  2907 | D:5      | Entered Level 5 of the Dungeon
  2907 | D:5      | Noticed Eustachio
  2953 | D:4      | Reached XP level 5. HP: 18/35 MP: 6/6
  3133 | D:4      | Found a white marble altar of Elyvilon.
  3133 | D:4      | Noticed an angel
  3134 | D:4      | Found a runed translucent door.
  3350 | D:5      | Noticed an ogre
  3391 | D:4      | Killed an ogre
  3392 | D:4      | Reached skill level 1 in Armour
  3705 | D:5      | Noticed an ogre
  3705 | D:5      | Noticed a centaur
  3717 | D:4      | Reached XP level 6. HP: 34/44 MP: 8/8
  3937 | D:3      | Reached skill level 1 in Shields
  4887 | D:4      | Reached XP level 7. HP: 50/50 MP: 9/9
  5055 | D:5      | Reached skill level 1 in Conjurations
  5264 | D:6      | HP: 1/51 [ogre/+0 giant club (20)]
  5270 | D:6      | Slain by an ogre

Illustrated notes

Levels and vault maps discovered:
D:1:      scummos_arrival_hexagon, layout_basic, serial_forest,
          infiniplex_forest_end_3, infiniplex_forest_clump_diagonal,
          infiniplex_forest_pool, infiniplex_forest_lined_room_,
          infiniplex_forest_clump_double, infiniplex_forest_straight_4,
          infiniplex_forest_clump_large, infiniplex_forest_lined_2
D:2:      layout_basic, grunt_temple_overflow_diamond
D:3:      layout_basic, uniq_sigmund
D:4:      layout_gridville, nicolae_ossuary_entry_monument, lemuel_angel_altar
D:5:      layout_rooms, serial_shops, shop, chei_slow_surprise, uniq_eustachio,
          uniq_ijyb, uniq_menkaure
D:6:      layout_basic

Skill      XL: |  1  2  3  4  5  6  7 |
---------------+----------------------+-----
Short Blades   | 1 2 |  2.8
Stealth        | 4 |  4.5
Dodging        | 2 3 |  3.1
Ice Magic      | 2 |  2.6
Fighting       | 2 |  2.3
Armour         | 1 |  1.9
Shields        | 1 |  1.3
Throwing       | 2 |  2.0
Conjurations   | 1 |  1.1
Long Blades    | |  1.1
Spellcasting   | |  1.7
Translocations | |  1.6
Fire Magic     | |  0.6
Evocations     | |  0.3

Action                   |  1- 3 |  4- 6 |  7- 9 || total
-------------------------+-------+-------+-------++-------
Melee: Dagger            |   107 |   177 |    27 ||   311
Throw: Dart              |       |    10 |       ||    10
 Cast: Foxfire           |     1 |       |       ||     1
  Use: Scroll            |     1 |     7 |       ||     8
       Potion            |       |     4 |       ||     4
 Stab: Sleeping          |     6 |     4 |       ||    10
       Distracted        |     1 |     1 |       ||     2
Armor: Robe              |     7 |       |       ||     7
       Ring mail         |    23 |    61 |       ||    84
Dodge: Dodged            |    52 |    89 |    10 ||   151
Block: Buckler           |    14 |    41 |     7 ||    62
